[Event "Ch FRA 2024 Open A"]
[Site "ALPE D'HUEZ, France"]
[Date "2024.08.17"]
[Round "1.1"]
[White "BURGALAT , Eliot"]
[Black "KOLLAR, Romain"]
[Result "0-1"]
[ECO "B76"]
[WhiteElo "2036"]
[BlackElo "2200"]
[PlyCount "124"]
[EventDate "2024.??.??"]
[TimeControl "90/40+30:0"]

1. e4 {10} c5 {11} 2. Nf3 {8} d6 {10} 3. d4 {5} cxd4 {4} 4. Nxd4 {5} Nf6 {11}
5. Nc3 {5} g6 {10} 6. Be3 {9} Bg7 {14} 7. f3 {6} O-O {11} 8. Qd2 {13} Nc6 {18}
9. O-O-O {46} Be6 {84} 10. h4 {246} Nxd4 {141} 11. Bxd4 {85} Qa5 {12} 12. Kb1 {
189} Rfc8 {50} 13. Nd5 {383} Qxd2 {12} 14. Nxf6+ {193} Bxf6 {141} 15. Rxd2 {75}
Bxd4 {73} 16. Rxd4 {4} Rc5 {77} 17. g3 {1042} Rac8 {356} 18. Rd2 {36} Ra5 {578}
19. b3 {317} Rac5 {207} 20. Bh3 {1664} Rc3 {22} 21. Bxe6 {381} fxe6 {7} 22. Rf1
{7} Re3 {143} 23. c4 {662} a6 {130} 24. Rdf2 {568} b5 {45} 25. cxb5 {6} axb5 {
22} 26. Rc1 {60} Rb8 {1413} 27. Rc7 {68} Kf7 {6} 28. Kc2 {27} Re1 {4} 29. Kc3 {
88} b4+ {142} 30. Kb2 {54} Kf6 {652} 31. h5 {42} gxh5 {116} 32. Rh2 {22} Rb5 {
388} 33. Kc2 {57} Re3 {488} 34. Rf2 {24} Rc5+ {23} 35. Rxc5 {1} dxc5 {4} 36.
Kd2 {58} Rc3 {12} 37. Rh2 {35} Ke5 {307} 38. Rxh5+ {1} Kd4 {10} 39. e5 {55}
Rxf3 {54} 40. Rh4+ {3} Kxe5 {107} 41. Rxh7 {159} Rxg3 {201} 42. Rxe7 {117} Kd5
{172} 43. Rh7 {77} Rg2+ {262} 44. Kd3 {2} Rxa2 {40} 45. Rd7+ {19} Kc6 {44} 46.
Rd8 {88} Rb2 {152} 47. Rc8+ {15} Kd6 {4} 48. Kc4 {14} Rc2+ {4} 49. Kb5 {4} Kd5
{161} 50. Rd8+ {19} Ke4 {46} 51. Rd1 {18} e5 {88} 52. Re1+ {25} Kd5 {56} 53.
Rd1+ {9} Ke6 {12} 54. Re1 {13} Rc3 {53} 55. Kb6 {6} Kf5 {127} 56. Rf1+ {4} Ke4
{5} 57. Re1+ {190} Kd4 {11} 58. Rd1+ {29} Rd3 {34} 59. Rc1 {28} Rxb3 {66} 60.
Rxc5 {1} e4 {22} 61. Rc8 {58} e3 {30} 62. Rd8+ {4} Kc3 {25} 0-1

[Event "Ch FRA 2024 Open A"]
[Site "ALPE D'HUEZ, France"]
[Date "2024.08.17"]
[Round "1.2"]
[White "ARCELIN, Gael"]
[Black "DUCES-AKHVERDOFF, Gabriel"]
[Result "1/2-1/2"]
[ECO "A13"]
[WhiteElo "2199"]
[BlackElo "2035"]
[PlyCount "84"]
[EventDate "2024.??.??"]
[TimeControl "90/40+30:0"]

1. Nf3 {16} Nf6 {28} 2. c4 {18} e6 {9} 3. g3 {19} d5 {25} 4. Bg2 {6} d4 {24} 5.
d3 {38} Bb4+ {51} 6. Bd2 {421} a5 {155} 7. O-O {31} O-O {65} 8. Bg5 {132} Nc6 {
182} 9. Nbd2 {296} Be7 {579} 10. Bxf6 {161} Bxf6 {12} 11. b3 {223} e5 {353} 12.
a3 {340} Bf5 {278} 13. Ne1 {238} Be7 {630} 14. Nc2 {39} Qd7 {430} 15. Rb1 {236}
Bh3 {301} 16. b4 {212} Bxg2 {164} 17. Kxg2 {3} axb4 {207} 18. axb4 {2} Ra2 {358
} 19. b5 {258} Nd8 {90} 20. Nf3 {383} Bd6 {681} 21. Ra1 {323} Rxa1 {234} 22.
Qxa1 {1} Re8 {208} 23. Qa7 {275} Qe7 {524} 24. e4 {485} dxe3 {174} 25. Qxe3 {2}
e4 {93} 26. dxe4 {492} Qxe4 {129} 27. Qc3 {590} Qf5 {110} 28. Ncd4 {421} Qc5 {
127} 29. Rd1 {88} Qb4 {41} 30. Qc2 {83} Bf8 {20} 31. Qd3 {278} Qd6 {38} 32. Qc2
{58} Qb4 {4} 33. Qf5 {30} g6 {32} 34. Qd7 {2} Qe7 {3} 35. Nb3 {40} Ne6 {23} 36.
Na5 {122} Nc5 {32} 37. Qd5 {88} Qe4 {40} 38. Qd2 {89} Qe2 {42} 39. Nd4 {28}
Qxd2 {44} 40. Rxd2 {0} Rd8 {46} 41. Ndb3 {386} Rxd2 {458} 42. Nxd2 {3} f5 {24}
1/2-1/2

[Event "Ch FRA 2024 Open A"]
[Site "ALPE D'HUEZ, France"]
[Date "2024.08.17"]
[Round "1.3"]
[White "KUFFERATH, Camille"]
[Black "ARNAUD , Aurelien"]
[Result "1/2-1/2"]
[ECO "C90"]
[WhiteElo "2034"]
[BlackElo "2199"]
[PlyCount "118"]
[EventDate "2024.??.??"]
[TimeControl "90/40+30:0"]

1. e4 {80} e5 {11} 2. Nf3 {69} Nc6 {13} 3. Bc4 {85} Nf6 {15} 4. d3 {126} Be7 {
32} 5. O-O {223} O-O {42} 6. Re1 {268} d6 {15} 7. c3 {267} Na5 {290} 8. Bb5 {
167} a6 {28} 9. Ba4 {60} b5 {15} 10. Bc2 {34} c5 {51} 11. Nbd2 {646} h6 {304}
12. Nf1 {254} Nc6 {389} 13. Ng3 {498} Re8 {215} 14. h3 {130} Nh7 {277} 15. Be3
{827} Ng5 {726} 16. Nxg5 {310} Bxg5 {28} 17. Qf3 {80} Qf6 {311} 18. Nf5 {162}
Bxf5 {78} 19. exf5 {86} Ne7 {98} 20. d4 {97} cxd4 {273} 21. cxd4 {407} exd4 {
196} 22. Bxg5 {53} hxg5 {59} 23. Re2 {179} Rec8 {474} 24. Be4 {196} Ra7 {86}
25. Rae1 {77} Rc5 {127} 26. Bd3 {222} Re5 {258} 27. Kh2 {233} Rxe2 {615} 28.
Rxe2 {1} d5 {54} 29. Qg3 {71} Ra8 {113} 30. Qc7 {187} Kf8 {845} 31. g3 {172}
Nxf5 {174} 32. Bxf5 {2} Qxf5 {20} 33. Qc5+ {7} Kg8 {21} 34. Qxd4 {2} f6 {100}
35. Rd2 {22} Rd8 {21} 36. Qb6 {1} Qc8 {46} 37. Rd3 {114} Kh7 {54} 38. Rc3 {15}
Qd7 {18} 39. Rc7 {51} Qf5 {74} 40. Re7 {50} Rd7 {30} 41. Re8 {487} d4 {227} 42.
Re2 {238} d3 {50} 43. Rd2 {10} Re7 {155} 44. Qd6 {170} Rd7 {858} 45. Qxa6 {107}
Rd4 {184} 46. Qb6 {67} Rh4 {196} 47. gxh4 {242} Qf4+ {4} 48. Kg2 {10} Qxd2 {8}
49. Qxb5 {150} Qe2 {213} 50. Qf5+ {99} Kg8 {13} 51. hxg5 {450} fxg5 {6} 52. Qf3
{136} Qc2 {79} 53. Qd5+ {32} Kf8 {93} 54. Qd8+ {67} Kf7 {16} 55. Qd7+ {0} Kf6 {
55} 56. Qd6+ {2} Kf7 {37} 57. Qd7+ {24} Kg6 {22} 58. Qe6+ {12} Kh7 {23} 59.
Qf5+ {8} Kg8 {64} 1/2-1/2

[Event "Ch FRA 2024 Open A"]
[Site "ALPE D'HUEZ, France"]
[Date "2024.08.17"]
[Round "1.4"]
[White "CARPENTIER, Pierre"]
[Black "SALAUN, Nicolas"]
[Result "1-0"]
[ECO "D00"]
[WhiteElo "2197"]
[BlackElo "2033"]
[PlyCount "61"]
[EventDate "2024.??.??"]
[TimeControl "90/40+30:0"]

1. d4 {6} d5 {10} 2. Bf4 {16} Nf6 {22} 3. e3 {32} c5 {0} 4. Nc3 {80} cxd4 {73}
5. exd4 {13} a6 {68} 6. Nf3 {19} Nc6 {73} 7. Ne5 {416} e6 {370} 8. Be2 {610}
Qb6 {334} 9. Nxc6 {321} Qxc6 {58} 10. O-O {13} Be7 {8} 11. Bd3 {289} Bd7 {49}
12. Be5 {99} Qb6 {195} 13. Rb1 {52} O-O {314} 14. Re1 {22} Rac8 {552} 15. Re3 {
192} g6 {182} 16. Rh3 {117} Ne4 {287} 17. Bxe4 {210} f6 {194} 18. Rxh7 {1195}
dxe4 {1533} 19. Rxe7 {56} Be8 {156} 20. Bg3 {481} Rc4 {404} 21. d5 {371} e5 {45
} 22. Qd2 {224} Bf7 {197} 23. a3 {447} Rfc8 {129} 24. Qe3 {28} Rd4 {117} 25. h4
{161} Kf8 {101} 26. Rxe5 {24} Rxc3 {99} 27. Qxc3 {104} fxe5 {48} 28. Qc8+ {98}
Be8 {126} 29. c4 {242} Qb3 {33} 30. Qc5+ {47} Kf7 {40} 31. Qc7+ {6} 1-0

[Event "Ch FRA 2024 Open A"]
[Site "ALPE D'HUEZ, France"]
[Date "2024.08.18"]
[Round "2.1"]
[White "KOLLAR, Romain"]
[Black "LARONCHE, Thomas"]
[Result "1-0"]
[ECO "B00"]
[WhiteElo "2200"]
[BlackElo "2062"]
[PlyCount "79"]
[EventDate "2024.??.??"]
[TimeControl "90/40+30:0"]

1. e4 {8} b6 {100} 2. d4 {10} Bb7 {16} 3. Nc3 {23} e6 {95} 4. Bd3 {29} Nf6 {83}
5. Nge2 {74} c5 {109} 6. O-O {1705} cxd4 {801} 7. Nxd4 {9} Bc5 {14} 8. Nb3 {43}
Bb4 {270} 9. e5 {48} Bxc3 {413} 10. bxc3 {32} Nd5 {7} 11. Qg4 {228} Kf8 {276}
12. f4 {585} Nc6 {1174} 13. Ba3+ {594} Kg8 {57} 14. Rae1 {11} h5 {584} 15. Qh3
{320} f5 {256} 16. Nd4 {124} Nxd4 {432} 17. cxd4 {3} g6 {21} 18. c4 {8} Nc7 {7}
19. d5 {894} b5 {532} 20. d6 {511} Na6 {4} 21. cxb5 {28} Nb8 {2} 22. Rc1 {72}
a6 {9} 23. Rc7 {17} Bd5 {5} 24. Rfc1 {95} Kg7 {74} 25. b6 {130} Nc6 {117} 26.
b7 {15} Rb8 {12} 27. Bxa6 {28} g5 {41} 28. Bb5 {72} Kg6 {44} 29. Rd1 {286} Be4
{80} 30. Bd3 {64} Bxd3 {105} 31. Qxd3 {90} gxf4 {5} 32. Qb3 {28} Kg5 {373} 33.
Rxc6 {133} dxc6 {5} 34. d7 {13} Rh7 {35} 35. Qxe6 {21} Rxb7 {6} 36. h4+ {8}
Kxh4 {24} 37. Qxf5 {13} Rg7 {145} 38. Qxf4+ {32} Rg4 {6} 39. Qf6+ {126} Qxf6 {
15} 40. exf6 {6} 1-0

[Event "Ch FRA 2024 Open A"]
[Site "ALPE D'HUEZ, France"]
[Date "2024.08.18"]
[Round "2.2"]
[White "RASOLO, Loick"]
[Black "CARPENTIER, Pierre"]
[Result "0-1"]
[ECO "A48"]
[WhiteElo "2065"]
[BlackElo "2197"]
[PlyCount "84"]
[EventDate "2024.??.??"]
[TimeControl "90/40+30:0"]

1. d4 {2} Nf6 {21} 2. Nf3 {4} g6 {12} 3. Nbd2 {5} d5 {53} 4. b4 {4} Bg7 {61} 5.
e3 {5} b6 {54} 6. Bb2 {9} Bb7 {71} 7. Bd3 {13} Nbd7 {46} 8. O-O {83} O-O {256}
9. c4 {5} c5 {480} 10. bxc5 {358} bxc5 {61} 11. Rb1 {15} Qc7 {777} 12. Qe2 {133
} Ne4 {636} 13. Rfc1 {857} Nxd2 {23} 14. Nxd2 {21} Rab8 {1159} 15. Nb3 {240}
dxc4 {246} 16. Bxc4 {14} Rfc8 {365} 17. Ba3 {624} Be4 {556} 18. Rb2 {94} Qc6 {
283} 19. f3 {100} Qa4 {90} 20. fxe4 {54} Qxa3 {6} 21. Rbc2 {21} Rd8 {226} 22.
Qf3 {351} e6 {20} 23. Rf1 {269} Rf8 {20} 24. Qh3 {693} cxd4 {315} 25. exd4 {221
} Rbc8 {5} 26. Rfc1 {386} Nb6 {33} 27. Qd3 {132} Nxc4 {27} 28. Rxc4 {12} Rxc4 {
4} 29. Qxc4 {18} Qxa2 {45} 30. Qb4 {403} Qe2 {24} 31. Re1 {23} Qd3 {11} 32. e5
{107} Bh6 {33} 33. Kh1 {49} Rd8 {96} 34. Qb7 {400} Qc4 {94} 35. h3 {50} Qd5 {22
} 36. Qe7 {144} Bf8 {14} 37. Qc7 {51} Rd7 {13} 38. Qc8 {77} Rd8 {48} 39. Qc7 {5
} Rd7 {6} 40. Qc8 {13} Qb7 {196} 41. Qc2 {82} Rc7 {130} 42. Qa2 {72} Rc3 {181}
0-1

[Event "Ch FRA 2024 Open A"]
[Site "ALPE D'HUEZ, France"]
[Date "2024.08.18"]
[Round "2.3"]
[White "SOYEUX, Gabriel"]
[Black "MATHEZ, Florian"]
[Result "0-1"]
[ECO "E04"]
[WhiteElo "2052"]
[BlackElo "2191"]
[PlyCount "60"]
[EventDate "2024.??.??"]
[TimeControl "90/40+30:0"]

1. d4 {3} Nf6 {6} 2. c4 {5} e6 {4} 3. g3 {19} Bb4+ {8} 4. Nd2 {14} O-O {8} 5.
Bg2 {54} d5 {11} 6. Ngf3 {55} dxc4 {167} 7. Qc2 {91} c5 {743} 8. Qxc4 {162} Nc6
{157} 9. dxc5 {181} Qd5 {168} 10. O-O {116} Bxc5 {512} 11. a3 {303} a5 {613}
12. b3 {836} b6 {1244} 13. Bb2 {413} Bb7 {452} 14. Qh4 {139} Be7 {599} 15. Ng5
{2345} Qf5 {70} 16. e4 {418} Qg4 {114} 17. Qxg4 {17} Nxg4 {6} 18. Ngf3 {18}
Rad8 {225} 19. Rad1 {60} Ba6 {70} 20. Nc4 {27} b5 {64} 21. Ncd2 {172} b4 {51}
22. Nc4 {28} bxa3 {42} 23. Bc3 {54} a4 {40} 24. Rxd8 {212} Rxd8 {22} 25. Ra1 {2
} axb3 {77} 26. Nxa3 {9} Bc5 {8} 27. h3 {214} Nxf2 {116} 28. Kh2 {7} Nxe4 {36}
29. Ne5 {20} Nxc3 {38} 30. Nxc6 {12} b2 {5} 0-1

[Event "Ch FRA 2024 Open A"]
[Site "ALPE D'HUEZ, France"]
[Date "2024.08.18"]
[Round "2.4"]
[White "ERNST, Luca"]
[Black "DELTOUR, Quentin"]
[Result "1-0"]
[ECO "B52"]
[WhiteElo "2185"]
[BlackElo "2048"]
[PlyCount "136"]
[EventDate "2024.??.??"]
[TimeControl "90/40+30:0"]

1. e4 {0} c5 {6} 2. Nf3 {6} d6 {3} 3. Bb5+ {4} Bd7 {115} 4. Bxd7+ {6} Nxd7 {21}
5. O-O {6} Ngf6 {135} 6. d3 {8} e6 {206} 7. c4 {5} Be7 {21} 8. Nc3 {6} O-O {58}
9. Ne1 {5} d5 {343} 10. f4 {1153} dxe4 {211} 11. dxe4 {19} Nb6 {36} 12. Qxd8 {
13} Raxd8 {81} 13. b3 {9} Nfd7 {728} 14. Nf3 {294} Nb8 {43} 15. Bb2 {305} Nc6 {
328} 16. Rfd1 {25} Nb4 {188} 17. Ne1 {64} a6 {1213} 18. Kf1 {770} g5 {183} 19.
g3 {642} f5 {329} 20. e5 {75} gxf4 {362} 21. gxf4 {0} Kf7 {30} 22. a3 {740} Nc6
{25} 23. Nf3 {28} Rg8 {453} 24. Rxd8 {368} Rxd8 {12} 25. Rd1 {35} Rxd1+ {88}
26. Nxd1 {2} Na5 {8} 27. Nd2 {13} Bf8 {277} 28. Kf2 {150} Nc6 {66} 29. Nf3 {350
} Bh6 {116} 30. Ke3 {1} Na5 {27} 31. Nd2 {29} Ke7 {32} 32. Bc3 {40} Nc6 {96}
33. Nf3 {22} Nd7 {100} 34. Nf2 {61} b6 {276} 35. Nd3 {329} a5 {32} 36. Be1 {113
} Nf8 {67} 37. Kd2 {429} Ng6 {37} 38. Bg3 {1} Kd7 {38} 39. h4 {84} Nf8 {157}
40. Kc3 {20} Ng6 {20} 41. h5 {28} Nf8 {31} 42. b4 {688} cxb4+ {533} 43. axb4 {
81} Kc7 {63} 44. b5 {92} Nb8 {171} 45. Bh4 {123} Nbd7 {197} 46. Be7 {27} Bg7 {
65} 47. Ng5 {57} h6 {50} 48. Nf7 {56} Kb7 {105} 49. Nd6+ {11} Kb8 {7} 50. Kd4 {
128} Ka7 {52} 51. Ne1 {73} Kb8 {75} 52. Nf3 {14} Nh7 {42} 53. Nf7 {117} a4 {191
} 54. Kc3 {260} Bf8 {60} 55. Bxf8 {32} Nhxf8 {5} 56. Nxh6 {184} Nc5 {5} 57. Nf7
{119} a3 {135} 58. Ne1 {152} Ne4+ {470} 59. Kb3 {6} Nd2+ {4} 60. Kxa3 {3} Nxc4+
{4} 61. Kb3 {132} Ne3 {18} 62. Nh8 {92} Kc7 {32} 63. Ng6 {61} Nh7 {8} 64. Nf3 {
27} Ng4 {156} 65. Ng5 {13} Nxg5 {15} 66. fxg5 {2} Kd7 {6} 67. h6 {16} Ke8 {2}
68. h7 {6} Ne3 {7} 1-0

[Event "Ch FRA 2024 Open A"]
[Site "ALPE D'HUEZ, France"]
[Date "2024.08.19"]
[Round "3.1"]
[White "BUSTOS-SALINAS, Thomas"]
[Black "KOLLAR, Romain"]
[Result "0-1"]
[ECO "E61"]
[WhiteElo "2126"]
[BlackElo "2200"]
[PlyCount "138"]
[EventDate "2024.??.??"]
[TimeControl "90/40+30:0"]

1. d4 {5} d6 {10} 2. Nf3 {60} Nf6 {21} 3. c4 {39} g6 {12} 4. Nc3 {11} Bg7 {12}
5. Bg5 {53} O-O {34} 6. e3 {8} b6 {139} 7. Be2 {223} Bb7 {192} 8. Qc2 {317} h6
{1346} 9. Bh4 {24} Nbd7 {14} 10. O-O {295} Qe8 {160} 11. Nd2 {697} e5 {613} 12.
b4 {465} Nh7 {1183} 13. Nb3 {620} g5 {197} 14. Bg3 {23} f5 {19} 15. f4 {597}
gxf4 {851} 16. exf4 {331} exd4 {12} 17. Nb5 {68} Qg6 {170} 18. Bd3 {564} c5 {
334} 19. Rae1 {8} Rac8 {340} 20. Re7 {319} Rcd8 {193} 21. Rfe1 {26} Rf6 {268}
22. Bh4 {0} Ng5 {45} 23. fxg5 {123} hxg5 {2} 24. Bg3 {58} Bf8 {28} 25. R7e2 {
261} Qf7 {8} 26. bxc5 {247} bxc5 {9} 27. Rf1 {287} f4 {20} 28. Be1 {5} Ne5 {15}
29. Nd2 {38} f3 {110} 30. Nxf3 {96} Bxf3 {76} 31. gxf3 {77} g4 {10} 32. Rg2 {
105} Bh6 {3} 33. Bd2 {52} Bxd2 {58} 34. Qxd2 {5} Kf8 {33} 35. Be4 {152} Nxc4 {
32} 36. Qg5 {67} Ne3 {5} 37. Rxg4 {31} Nxg4 {14} 38. Qxg4 {1} d5 {65} 39. Bc2 {
41} Qg7 {23} 40. a4 {46} a6 {49} 41. Na3 {51} Qxg4+ {181} 42. fxg4 {11} Rxf1+ {
5} 43. Kxf1 {12} Re8 {31} 44. Bf5 {278} d3 {58} 45. Bxd3 {559} Re3 {17} 46.
Bxa6 {65} Rxa3 {5} 47. Bb5 {77} Ra2 {138} 48. h4 {34} Ke7 {122} 49. Ke1 {409}
c4 {118} 50. g5 {180} Rh2 {121} 51. a5 {16} Kd6 {82} 52. a6 {97} Rxh4 {996} 53.
g6 {54} Re4+ {128} 54. Kd2 {106} Re7 {8} 55. Kc2 {210} Kc5 {30} 56. a7 {8} Rxa7
{8} 57. Be8 {4} Rg7 {12} 58. Kc3 {63} d4+ {8} 59. Kc2 {9} Kb4 {83} 60. Bf7 {44}
d3+ {32} 61. Kd2 {39} Kb3 {35} 62. Kd1 {25} Kc3 {36} 63. Kc1 {4} d2+ {29} 64.
Kd1 {3} Kd3 {10} 65. Be6 {16} c3 {40} 66. Bf5+ {9} Kd4 {54} 67. Kc2 {26} Re7 {
22} 68. Bg4 {45} Re5 {48} 69. Bd7 {114} Rg5 {11} 0-1

[Event "Ch FRA 2024 Open A"]
[Site "ALPE D'HUEZ, France"]
[Date "2024.08.19"]
[Round "3.2"]
[White "CARPENTIER, Pierre"]
[Black "FOURNIER, Loic"]
[Result "0-1"]
[ECO "D02"]
[WhiteElo "2197"]
[BlackElo "2098"]
[PlyCount "94"]
[EventDate "2024.??.??"]
[TimeControl "90/40+30:0"]

1. d4 {12} d5 {14} 2. Bf4 {14} Nf6 {10} 3. e3 {16} c5 {19} 4. Nf3 {167} Nc6 {17
} 5. Nbd2 {15} cxd4 {145} 6. exd4 {55} Qb6 {132} 7. Nb3 {104} Bf5 {141} 8. c3 {
46} e6 {53} 9. a4 {259} a6 {162} 10. Nh4 {485} Bg4 {277} 11. f3 {175} Bh5 {2}
12. g4 {44} Bg6 {45} 13. Nxg6 {7} hxg6 {5} 14. Bd3 {341} Be7 {33} 15. a5 {385}
Qd8 {1} 16. Qe2 {9} Bd6 {295} 17. Bxd6 {300} Qxd6 {2} 18. Nc5 {9} Qc7 {409} 19.
b4 {1589} O-O {259} 20. O-O {29} e5 {173} 21. dxe5 {275} Nxe5 {39} 22. Rad1 {
347} Rfe8 {257} 23. Qf2 {10} Rad8 {100} 24. Rfe1 {438} d4 {302} 25. c4 {63} Nc6
{342} 26. Rb1 {297} Rxe1+ {169} 27. Qxe1 {5} Re8 {17} 28. Qg3 {101} Qe7 {104}
29. Be4 {164} Nxe4 {66} 30. Nxe4 {68} Ne5 {176} 31. Nd2 {221} Nd3 {149} 32. Ne4
{168} f5 {495} 33. gxf5 {2} gxf5 {6} 34. Nf2 {1} Qe3 {179} 35. Rf1 {149} Ne1 {
84} 36. Kh1 {45} Qe2 {213} 37. Rg1 {16} Qxf3+ {8} 38. Qxf3 {1} Nxf3 {4} 39. Rg3
{85} Re3 {33} 40. Kg2 {51} Ne5 {20} 41. c5 {388} f4 {14} 42. Rg5 {21} d3 {129}
43. Nd1 {538} Re2+ {148} 44. Kf1 {6} f3 {128} 45. Nc3 {8} d2 {40} 46. Rf5 {138}
Re3 {51} 47. Nd1 {17} Ng4 {59} 0-1

[Event "Ch FRA 2024 Open A"]
[Site "ALPE D'HUEZ, France"]
[Date "2024.08.19"]
[Round "3.3"]
[White "MATHEZ, Florian"]
[Black "RATIER-FONTANA, Matteo"]
[Result "1/2-1/2"]
[ECO "B12"]
[WhiteElo "2191"]
[BlackElo "2088"]
[PlyCount "182"]
[EventDate "2024.??.??"]
[TimeControl "90/40+30:0"]

1. e4 {1} c6 {707} 2. d4 {12} d5 {6} 3. e5 {5} c5 {9} 4. dxc5 {7} e6 {13} 5.
Be3 {7} Nd7 {46} 6. Nf3 {11} Bxc5 {55} 7. Bxc5 {6} Nxc5 {5} 8. Qd4 {6} Nd7 {632
} 9. Qg4 {975} Kf8 {87} 10. Bd3 {146} Qc7 {239} 11. Qg3 {253} f6 {382} 12. exf6
{340} Qxg3 {12} 13. hxg3 {11} Ngxf6 {20} 14. Nc3 {712} a6 {954} 15. O-O-O {609}
Ke7 {334} 16. Rhe1 {275} Nc5 {142} 17. b4 {620} Nxd3+ {49} 18. Rxd3 {7} Rd8 {
279} 19. Na4 {826} Rd6 {99} 20. Nd4 {255} Kf7 {20} 21. Rde3 {95} b6 {53} 22.
Nb2 {44} Ra7 {196} 23. Nd3 {38} Rc7 {143} 24. f3 {152} g5 {176} 25. Kd2 {62} h6
{64} 26. c3 {38} Ng8 {174} 27. Ne5+ {79} Kg7 {19} 28. Ng4 {14} Kf7 {13} 29. f4
{62} gxf4 {42} 30. gxf4 {7} Nf6 {61} 31. Nxf6 {120} Kxf6 {2} 32. Rh1 {19} Rh7 {
40} 33. g4 {31} Kg6 {176} 34. Nf3 {82} Rd8 {62} 35. Ne5+ {65} Kg7 {37} 36. Reh3
{34} d4 {55} 37. c4 {4} Bb7 {13} 38. R1h2 {4} Rf8 {28} 39. Rf2 {158} a5 {131}
40. bxa5 {64} Ra8 {271} 41. Kd3 {331} Rxa5 {91} 42. Kxd4 {80} Rh8 {66} 43. Rb3
{29} Rd8+ {32} 44. Kc3 {237} h5 {280} 45. Rxb6 {67} Be4 {11} 46. gxh5 {55} Kf6
{24} 47. Rb5 {400} Ra3+ {109} 48. Rb3 {57} Ra7 {196} 49. Ng4+ {148} Kf5 {125}
50. Ne3+ {4} Kf6 {3} 51. a3 {35} Rg7 {191} 52. Rd2 {77} Rh8 {42} 53. Rh2 {30}
Rd8 {154} 54. Kb2 {178} Rg1 {10} 55. Ka2 {41} Rd7 {205} 56. h6 {53} Ra7 {170}
57. Re2 {145} Bf3 {103} 58. Reb2 {323} Be4 {111} 59. Rb6 {43} Rh1 {268} 60. f5
{112} Bxf5 {35} 61. Nxf5 {6} Kxf5 {1} 62. Rf2+ {6} Ke5 {46} 63. Re2+ {48} Kd4 {
9} 64. Rd6+ {60} Kc5 {323} 65. Rdxe6 {4} Kxc4 {23} 66. Rc2+ {18} Kd5 {57} 67.
Rb6 {107} Rh3 {102} 68. Rb5+ {5} Kd4 {31} 69. Rb4+ {14} Kd5 {14} 70. Rd2+ {116}
Kc5 {34} 71. Rb3 {6} Rxh6 {29} 72. Rc3+ {4} Kb6 {8} 73. Rb2+ {5} Ka6 {26} 74.
Rc4 {39} Rh5 {16} 75. Rb8 {37} Rb5 {122} 76. Ra4+ {52} Ra5 {0} 77. Rab4 {12}
Rg7 {20} 78. Ra8+ {29} Ra7 {2} 79. Rxa7+ {148} Kxa7 {5} 80. Kb3 {3} Rh5 {9} 81.
Rg4 {25} Rh7 {15} 82. Kb4 {12} Rf7 {4} 83. Rg5 {23} Rh7 {7} 84. a4 {6} Rf7 {4}
85. Kb5 {59} Rh7 {5} 86. Rg6 {16} Rh5+ {8} 87. Kc6 {18} Rh7 {31} 88. Rd6 {13}
Rg7 {23} 89. a5 {16} Ka6 {28} 90. Rd7 {6} Rxd7 {6} 91. Kxd7 {2} Kxa5 {1}
1/2-1/2

[Event "Ch FRA 2024 Open A"]
[Site "ALPE D'HUEZ, France"]
[Date "2024.08.19"]
[Round "3.4"]
[White "EL MCHAOURI MAS, Younes"]
[Black "ERNST, Luca"]
[Result "1-0"]
[ECO "A45"]
[WhiteElo "2111"]
[BlackElo "2185"]
[PlyCount "59"]
[EventDate "2024.??.??"]
[TimeControl "90/40+30:0"]

1. d4 {3} Nf6 {6} 2. Bg5 {5} e6 {5} 3. e4 {48} h6 {5} 4. Bxf6 {7} Qxf6 {6} 5.
c3 {48} c5 {48} 6. d5 {146} exd5 {5} 7. exd5 {32} d6 {22} 8. Bd3 {351} Qe5+ {
202} 9. Ne2 {615} Bf5 {1790} 10. Bxf5 {1155} Qxf5 {8} 11. O-O {7} Be7 {874} 12.
Ng3 {31} Qd7 {338} 13. Qf3 {205} g6 {414} 14. Qe3 {640} Kf8 {188} 15. Nd2 {98}
Kg7 {94} 16. Rae1 {62} Re8 {233} 17. Nde4 {748} f5 {162} 18. Nf6 {150} Kxf6 {
203} 19. Qxh6 {10} Rg8 {271} 20. Nh5+ {393} Kf7 {7} 21. Qh7+ {12} Kf8 {7} 22.
Nf4 {16} Rg7 {130} 23. Qh8+ {310} Kf7 {121} 24. Ne6 {39} Qxe6 {157} 25. Rxe6 {
32} Bf8 {49} 26. Rfe1 {109} Nd7 {175} 27. Re7+ {15} Bxe7 {54} 28. Rxe7+ {19}
Kxe7 {6} 29. Qxg7+ {6} Kd8 {3} 30. Qg8+ {23} 1-0

[Event "Ch FRA 2024 Open A"]
[Site "ALPE D'HUEZ, France"]
[Date "2024.08.20"]
[Round "4.1"]
[White "RACHID, Alexandre"]
[Black "EL MCHAOURI MAS, Younes"]
[Result "1/2-1/2"]
[ECO "B13"]
[WhiteElo "2167"]
[BlackElo "2111"]
[PlyCount "96"]
[EventDate "2024.??.??"]
[TimeControl "90/40+30:0"]

1. e4 {3} c6 {16} 2. d4 {12} d5 {32} 3. exd5 {8} cxd5 {7} 4. Bd3 {4} Nc6 {53}
5. c3 {11} Nf6 {71} 6. h3 {16} e5 {28} 7. dxe5 {7} Nxe5 {7} 8. Nf3 {7} Bd6 {
1145} 9. Nxe5 {83} Bxe5 {10} 10. O-O {73} O-O {62} 11. Nd2 {590} Bc7 {529} 12.
Nf3 {25} Ne4 {306} 13. Re1 {294} Bf5 {205} 14. Nd4 {1092} Bg6 {1566} 15. Qf3 {
1306} Qh4 {533} 16. Be3 {912} f5 {381} 17. g3 {537} Qxh3 {309} 18. Bf1 {6} Qh5
{147} 19. Qxh5 {5} Bxh5 {5} 20. Ne6 {4} Rfc8 {131} 21. Nxc7 {29} Rxc7 {8} 22.
Bg2 {81} b6 {165} 23. f3 {49} Nc5 {42} 24. Bf4 {61} Rd7 {25} 25. Rad1 {19} Re8
{45} 26. Rxe8+ {86} Bxe8 {6} 27. Be5 {56} Bf7 {87} 28. b4 {48} Ne6 {200} 29. f4
{68} Nf8 {26} 30. a4 {321} Ng6 {83} 31. Bd4 {4} Ne7 {13} 32. b5 {272} Nc8 {39}
33. Be5 {59} Be6 {58} 34. a5 {255} bxa5 {40} 35. Ra1 {6} Nb6 {28} 36. Rxa5 {60}
Nc4 {33} 37. Ra6 {11} Nxe5 {22} 38. fxe5 {3} Kf7 {38} 39. Kf2 {4} Rc7 {33} 40.
Ke2 {98} g5 {34} 41. Kd3 {22} h5 {551} 42. Rd6 {288} Rc5 {487} 43. Ra6 {12}
Rxb5 {212} 44. Rxa7+ {6} Ke8 {476} 45. Ra8+ {15} Ke7 {31} 46. Ra7+ {41} Kd8 {52
} 47. Ra8+ {65} Kd7 {178} 48. Ra7+ {18} Ke8 {34} 1/2-1/2

[Event "Ch FRA 2024 Open A"]
[Site "ALPE D'HUEZ, France"]
[Date "2024.08.20"]
[Round "4.2"]
[White "FOURNIER, Loic"]
[Black "ORIEUX, Etienne"]
[Result "1/2-1/2"]
[ECO "A40"]
[WhiteElo "2098"]
[BlackElo "2138"]
[PlyCount "35"]
[EventDate "2024.??.??"]
[TimeControl "90/40+30:0"]

1. d4 {6} e6 {8} 2. Bf4 {33} Nf6 {10} 3. e3 {4} c5 {6} 4. c3 {5} d5 {5} 5. Nf3
{21} Bd6 {8} 6. Bb5+ {415} Nc6 {54} 7. Bg3 {44} Bxg3 {127} 8. hxg3 {6} Qb6 {4}
9. Qe2 {191} Bd7 {363} 10. b3 {694} h6 {430} 11. Bd3 {94} Rc8 {262} 12. O-O {
213} O-O {154} 13. Nbd2 {95} Qa5 {126} 14. a3 {431} cxd4 {43} 15. b4 {42} Qd8 {
107} 16. cxd4 {57} Qe7 {270} 17. Ne5 {256} Ne8 {823} 18. Nxc6 {632} 1/2-1/2